 Dungeon Crawl Stone Soup version 0.29.1-2-gbd0b4ee654 (webtiles) character file.

Game seed: 336369211864215021

222 fantasyman the Trooper (level 5, -7/59 HPs)
             Began as an Ogre Berserker on Nov 16, 2022.
             Was a Believer of Trog.
             Mangled by Pikel
             ... wielding a +2 whip of electrocution
              (12 damage)
             ... on level 4 of the Dungeon.
             The game lasted 00:05:51 (2959 turns).

fantasyman the Trooper (Ogre Berserker)             Turns: 2959, Time: 00:05:52

Health: -7/59      AC:  6    Str: 23    XL:     5   Next: 99%
Magic:  5/5        EV: 10    Int:  8    God:    Trog [**....]
Gold:   127        SH:  0    Dex:  8    Spells: 4/4 levels left

rFire   . . .      SeeInvis .   a - +0 mace (flame)
rCold   . . .      Faith    .   (no shield)
rNeg    . . .      Spirit   .   h - +2 robe {Archmagi}
rPois   .          Reflect  .   (helmet restricted)
rElec   .          Harm     .   n - +0 cloak
rCorr   .          Rampage  .   (gloves unavailable)
Will    .....      Archmagi +   (boots unavailable)
Stlth   +.........              (no amulet)
HPRegen 0.19/turn               (no ring)
MPRegen 0.09/turn               (no ring)

@: no status effects
A: large, unfitting armour, tough skin 1
a: Renounce Religion, Berserk, Trog's Hand


You were on level 4 of the Dungeon.
You worshipped Trog.
Trog was pleased with you.
You visited 1 branch of the dungeon, and saw 4 of its levels.

You collected 127 gold pieces.

Inventory:

Hand Weapons
 a - a +0 mace of flaming (weapon)
 q - a +0 flail of holy wrath
Armour
 h - a +2 robe of the Archmagi (worn)
 n - a +0 cloak (worn)
Scrolls
 b - 3 scrolls of identify
 c - 3 scrolls of fear
 e - a scroll of amnesia {unknown}
 l - a scroll of magic mapping {unknown}
 p - a scroll of immolation {unknown}
 r - a scroll of enchant weapon {unknown}
Potions
 d - 4 potions of might
 f - 3 potions of curing
 g - 3 potions of lignification {unknown}
 i - 2 potions of heal wounds
 j - 2 potions of brilliance {unknown}
 k - 2 potions of mutation {unknown}
 m - a potion of flight {unknown}
 o - a potion of resistance {unknown}


   Skills:
 * Level 5.9 Fighting
 + Level 4.5 Maces & Flails
 - Level 3.4 Dodging


You had 4 spell levels left.
You didn't know any spells.
Your spell library was empty.

Dungeon Overview and Level Annotations

Branches:
Dungeon (4/15)
 Temple: D:4-7

Altars:
Cheibriados
Kikubaaqudgha
Makhleb
Qazlal

Shops:
D:1 =

Annotations:
D:4 Pikel


Innate Abilities, Weirdness & Mutations

You are too large for most types of armour.
You have tough skin. (AC +1)


Message History

The jackal bites you but does no damage.
You barely miss the jackal.
The jackal is heavily wounded.
The jackal barely misses you.
You hit the jackal. You burn the jackal.
You kill the jackal!
Trog accepts your kill.
Pikel, Merchant of Souls comes into view.
He is wielding a +2 whip of electrocution.
Pikel is nearby!
Unknown command.
A lemure comes into view.
Pikel waves his whip at you.
A lemure comes into view. x2
You closely miss Pikel. Pikel barely misses you.
A lemure comes into view.
You hit Pikel. You burn Pikel.
Pikel is lightly wounded.
Pikel completely misses you. Pikel attacks as you move away!
Pikel barely misses you. Pikel attacks as you move away!
Pikel hits you with a +2 whip of electrocution.
You sock Pikel! You burn Pikel.
Pikel is heavily wounded.
Pikel hits you with a +2 whip of electrocution! x2
You are electrocuted!
You hit Pikel. You burn Pikel.
Pikel is heavily wounded.
Pikel hits you with a +2 whip of electrocution!
* * * LOW HITPOINT WARNING * * *
Pikel says, "Asmodeus and me are pals.
He gave me this whip."
The lemure attacks as you move away! The lemure hits you but does no damage.
Pikel attacks as you move away! Pikel barely misses you.
Pikel attacks as you move away!
Pikel hits you with a +2 whip of electrocution.
* * * LOW HITPOINT WARNING * * *
Pikel attacks as you move away!
Pikel hits you with a +2 whip of electrocution.
* * * LOW HITPOINT WARNING * * *
You are electrocuted!
You die...

#........##......).# #~#... #
##.....##..........#~# ##~#...
####............###..##~###..#...
...........####.5# ##~~#....####
.........### #5.#####~~##..## #
...##....## ##5.#.#~~# ##.## #
...###....## ##5..#~~~# #..####
#.## ##....####.K..#.~######.....
### #.........@....~#......####
#....#####.....##..>...# #..##.#
#...##....##..# #..####.#
#.######.####.# .## #.# #)#
#..###.# . ### #.# ##..#### ##.#
#### #.## ###


You could see Pikel and 4 lemures.

Vanquished Creatures
  A hound (D:4)
  An orc wizard (D:4)
  A mummy (D:3)
  5 adders
  4 gnolls (D:4)
  A worm (D:2)
  2 dart slugs
  10 orcs
  5 ball pythons
  2 endoplasms
  4 giant cockroaches
  5 goblins
  4 hobgoblins
  5 jackals
  A quokka (D:4)
  A frilled lizard (D:2)
  2 kobolds (D:2)
  2 rats
56 creatures vanquished.

Notes
Turn   | Place    | Note
-------+----------+-------------------------------------------
     0 | D:1      | fantasyman the Ogre Berserker began the quest for the Orb.
     0 | D:1      | Reached XP level 1. HP: 24/24 MP: 1/1
    52 | D:1      | Found Yrcharr's Jewellery Boutique.
   246 | D:1      | You fall into a shaft and drop 1 floor!
   267 | D:2      | Reached XP level 2. HP: 32/32 MP: 2/2
   549 | D:2      | Reached XP level 3. HP: 17/40 MP: 3/3
   970 | D:2      | Found a burning altar of Makhleb.
  1403 | D:3      | Found a stormy altar of Qazlal.
  1540 | D:3      | Reached ** piety under Trog
  1741 | D:3      | Reached XP level 4. HP: 48/49 MP: 4/4
  1773 | D:3      | Found a snail-covered altar of Cheibriados.
  1901 | D:3      | Found an ancient bone altar of Kikubaaqudgha.
  1959 | D:3      | Reached skill level 5 in Fighting
  2518 | D:4      | Reached XP level 5. HP: 46/57 MP: 5/5
  2927 | D:4      | Noticed Pikel
  2943 | D:4      | Noticed a lemure
  2943 | D:4      | Noticed a lemure
  2943 | D:4      | Noticed a lemure
  2944 | D:4      | Noticed a lemure
  2959 | D:4      | Mangled by Pikel

Illustrated notes

Levels and vault maps discovered:
D:1:      denvon_arrival_waterhouse, layout_basic, serial_shops, shop_statue,
          hellmonk_ecumenical_altar_inner_sanctum, roderic_serpentine_path
D:2:      layout_basic, basic_altar, kennysheep_generic_room_8
D:3:      layout_rooms, mainiacjoe_overflow_cross_hatched, old_standard_altar,
          slow_altar_1, corexii_corridor_pit
D:4:      layout_layer_cave, chequers_serial_rivers_large_b, uniq_pikel

Skill      XL: |  1  2  3  4  5 |
---------------+----------------+-----
Dodging        | 3 |  3.4
Maces & Flails | 3 4 |  4.5
Fighting       | 5 |  5.9

Action                   |  1- 3 |  4- 6 || total
-------------------------+-------+-------++-------
Melee: Mace              |    81 |   105 ||   186
       Punch             |     1 |       ||     1
  Use: Scroll            |     2 |     5 ||     7
Armor: Animal skin       |    14 |       ||    14
       Robe              |    13 |    32 ||    45
Dodge: Dodged            |    44 |    79 ||   123
